 Dungeon Crawl Stone Soup version 0.29-a0-613-gf2c431b9b9 (webtiles) character file.

Game seed: 14384312840749788635

4 moldycheese5 the Skirmisher (level 1, -1/18 HPs)
             Began as a Demonspawn Abyssal Knight on June 16, 2022.
             Was a Follower of Lugonu.
             Frozen to death by an endoplasm (3 damage)
             ... on level 1 of the Dungeon.
             The game lasted 00:00:12 (241 turns).

moldycheese5 the Skirmisher (DsAK)                   Turns: 241, Time: 00:00:13

Health: -1/18      AC:  3    Str: 13    XL:     1   Next: 50%
Magic:  2/2        EV: 11    Int: 11    God:    Lugonu [*.....]
Gold:   8          SH:  0    Dex: 13    Spells: 0/0 levels left

rFire   . . .      SeeInvis .     - Unarmed
rCold   . . .      Faith    .   (no shield)
rNeg    . . .      Spirit   .   a - +0 leather armour
rPois   .          Reflect  .   (no helmet)
rElec   .          Harm     .   (no cloak)
rCorr   .          Rampage  .   (no gloves)
Will    .....                   (no boots)
Stlth   +.........              (no amulet)
HPRegen 0.06/turn               (no ring)
MPRegen 0.08/turn               (no ring)

@: no status effects
A: no striking features
a: Renounce Religion, Depart the Abyss


You were on level 1 of the Dungeon.
You worshipped Lugonu.
Lugonu was aware of your devotion.
You visited 1 branch of the dungeon, and saw 1 of its levels.
You visited the Abyss 1 time.

You collected 8 gold pieces.

Inventory:

Armour
 a - a +0 leather armour (worn)
Scrolls
 b - a scroll of teleportation {unknown}
Potions
 c - a potion of invisibility {unknown}


   Skills:
 + Level 3.0 Fighting
 + Level 2.1 Armour
 + Level 0.8 Dodging
 + Level 1.7 Unarmed Combat
 + Level 2.4 Invocations


You couldn't memorise any spells.
You didn't know any spells.
Your spell library was empty.

Dungeon Overview and Level Annotations

Branches:
Dungeon (1/15)

Altars:


Message History

Your Armour skill increases to level 2!
No target in view!
No target in view!
No target in view!
You see here a dart slug corpse.
A goblin comes into view. It is wielding a +0 club.
Found a stone staircase leading down.
A goblin is nearby!
A goblin is nearby!
A goblin is nearby!
A goblin is nearby!
An endoplasm comes into view.
The endoplasm quivers.
The endoplasm hits you.
You hit the endoplasm.
The endoplasm is severely wounded.
The goblin hits you with a +0 club. The endoplasm freezes you.
You are frozen.
You are too injured to fight recklessly!
You are too injured to fight recklessly!
You are too injured to fight recklessly!
You are too injured to fight recklessly!
You are too injured to fight recklessly!
You are too injured to fight recklessly!
You are too injured to fight recklessly!
Unknown command.
You hit the goblin.
The goblin is severely wounded.
The goblin hits you with a +0 club. The endoplasm freezes you.
You are frozen.
* * * LOW HITPOINT WARNING * * *
You closely miss the goblin.
The goblin is severely wounded.
The goblin hits you with a +0 club.
* * * LOW HITPOINT WARNING * * *
The endoplasm freezes you.
You are frozen.
You die...

##.......#.#####
....#.#..#.....#
........##.#####
...#######..#
..........#.#
...########.# ..#
#####.# #####J>#
#.....# #...@g.#
#.###### #.###.##
#.#....#. #†# .#
#.#......# #.# ..
#.#....###
#.#########.#......
#...........##.....#
###########.#.####.#
###


You could see an endoplasm and a goblin.

Vanquished Creatures
  A dart slug (D:1)
  An endoplasm (D:1)
2 creatures vanquished.

Notes
Turn   | Place    | Note
-------+----------+-------------------------------------------
     0 | Abyss:1  | moldycheese5 the Demonspawn Abyssal Knight began the quest
                  | for the Orb.
     0 | Abyss:1  | Reached XP level 1. HP: 18/18 MP: 2/2
     0 | D:1      | Escaped the Abyss
    39 | D:1      | Found a faded altar of an unknown god.
   241 | D:1      | Frozen to death by an endoplasm

Illustrated notes

Levels and vault maps discovered:
D:1:      nzn_arrival_settlement, layout_loops_ring, serial_co_window_serial,
          co_window_corner_a, co_window_paths_a, co_window_corner_a,
          co_window_paths_a, co_window_paths_b, co_window_2corner,
          co_window_corner_cb, co_window_corner_b, co_window_cross_4,
          glass_columns_a, glass_columns_a, chequers_ecumenical_altar_simple,
          nicolae_figureground_pulse

Skill      XL: |  1 |
---------------+----+-----
Armour         | 2 |  2.1
Fighting       | |  3.0
Dodging        | |  0.8
Unarmed Combat | |  1.7
Invocations    | |  2.4

Action                   || total
-------------------------++-------
Melee: Unarmed           ||    15
Invok: Depart the Abyss  ||     1
Dodge: Dodged            ||     2

Table legend: (Time is in decaauts)
 A = Elapsed time spent in this place.
 B = Non-inter-level travel time spent in this place.
 C = Inter-level travel time spent in this place.
 D = Time resting spent in this place.
 E = Time spent auto-exploring this place.
 F = Levels seen in this place.
 G = Mean time per level.
                   A        B        C        D        E       F      G
               +--------+--------+--------+--------+--------+-----+--------+
         Total |    240 |    240 |      0 |      0 |    211 |   2 |  120.0 |
       Dungeon |    240 |    240 |      0 |      0 |    211 |   1 |  240.0 |
         Abyss |      0 |      0 |      0 |      0 |      0 |   1 |    0.0 |
               +--------+--------+--------+--------+--------+-----+--------+

Top non-repeatable levels by time:
     D:1: 240 daAuts
